 Dungeon Crawl Stone Soup version 0.27.1-35-g4d5d836560 (webtiles) character file.

Game seed: 2057666250113242633

1288 Delamore the Chucker (level 8, 0/55 HPs)
             Began as an Octopode Brigand on Aug 13, 2022.
             Slain by an orc (2 damage)
             ... on level 6 of the Dungeon.
             The game lasted 00:08:11 (6271 turns).

Delamore the Chucker (Octopode Brigand)             Turns: 6271, Time: 00:08:12

Health: 0/55       AC:  1    Str: 11    XL:     8   Next: 55%
Magic:  8/8        EV: 19    Int: 13    God:
Gold:   193        SH:  0    Dex: 15    Spells: 7/7 levels left

rFire    . . .     SeeInvis .   d - +3 dagger
rCold    . . .     Faith    .   (no shield)
rNeg     . . .     Spirit   .   p - +0 hat
rPois    +         Reflect  .   (no amulet)
rElec    .         Harm     .   q - ring of poison resistance
rCorr    .         Rampage  .   t - +4 ring of evasion
Will     .....                  (no ring)
Stlth    ++++......             (no ring)
HPRegen  0.18/turn              (no ring)
MPRegen  0.11/turn              (no ring)
                                (no ring)
                                (no ring)

@: attractive
A: almost no armour, amphibious, 8 rings, camouflage 1, gelatinous body 1,
(nimble swimmer 1), tentacles
a: no special abilities


You were on level 6 of the Dungeon.
You visited 1 branch of the dungeon, and saw 6 of its levels.

You collected 193 gold pieces.

Inventory:

Hand Weapons
 a - a +2 dagger
 d - a +3 dagger (weapon)
 h - a +0 rapier
Missiles
 b - 33 poisoned darts
 c - 4 curare-tipped darts
 e - 191 stones
 x - 5 boomerangs (quivered)
Armour
 p - a +0 hat (worn)
Jewellery
 q - a ring of poison resistance (left tentacle)
 t - a +4 ring of evasion (right tentacle)
 u - a ring of fire
Wands
 j - a wand of iceblast (3)
Scrolls
 f - a scroll of blinking
 m - 4 scrolls of teleportation
 o - a scroll of immolation
 s - a scroll of fog
Potions
 g - a potion of flight
 k - a potion of resistance {unknown}
 l - a potion of brilliance {unknown}
 n - a potion of ambrosia {unknown}
 v - a potion of might {unknown}
 w - a potion of haste {unknown}


   Skills:
 - Level 5.0 Fighting
 - Level 2.0 Short Blades
 + Level 7.7 Throwing
 - Level 5.0 Dodging
 - Level 5.3 Stealth


You had 7 spell levels left.
You didn't know any spells.
Your spell library contained the following spells:

 Spells                   Type           Power      Damage    Failure   Level
 Sting                    Tmut/Pois      0%         1d3       30%         1
 Poisonous Vapours        Pois/Air       0%         N/A       43%         2
 Olgreb's Toxic Radiance  Pois           0%         N/A       97%         4
 Sticky Flame             Conj/Fire      0%         2d3       97%         4
 Eringya's Noxious Bog    Tmut/Pois      0%         N/A       100%        6
 Fire Storm               Conj/Fire      0%         5d1       100%        9


Dungeon Overview and Level Annotations

Branches:
Dungeon (6/15)
 Temple: D:4-7

Altars:

Annotations:
D:2 1 runed translucent door, Crazy Yiuf


Innate Abilities, Weirdness & Mutations

You cannot wear most types of armour.
You are amphibious.
You can wear up to eight rings at the same time.
Your skin changes colour to match your surroundings (Stealth+).
Your rubbery body absorbs attacks. (AC +1, EV +1)
((You are camouflaged near water. (Stealth+)))
You have tentacles for arms and can constrict up to eight enemies at once.


Message History

You constrict the orc. The orc closely misses you.
You hit the orc but do no damage.
The orc is severely wounded.
You constrict the orc, but do no damage.
Something hits you.
* * * LOW HITPOINT WARNING * * *
The orc completely misses you.
You release your grip on the orc.
Throw: 5 boomerangs
Press: ? - help, Q - select action, (/) - cycle Shift-Dir - straight line, f - orc
Aim: an orc, wielding a +0 short sword and wearing a +0 chain mail (severely wounded, 71% to hit)
You throw a boomerang.
The boomerang hits the orc but does no damage.
The orc is severely wounded.
Something barely misses you.
Throw: 5 boomerangs
Press: ? - help, Q - select action, (/) - cycle Shift-Dir - straight line, f/p - orc
Aim: an orc, wielding a +0 short sword and wearing a +0 chain mail (severely wounded, 71% to hit)
You throw a boomerang.
The boomerang hits the orc but does no damage.
The orc is severely wounded.
You hear some strange, mumbled words.
Something tries to affect you, but you resist.
Throw: 5 boomerangs
Press: ? - help, Q - select action, (/) - cycle Shift-Dir - straight line, f - orc priest, p - orc
Aim: an orc priest, wielding a +0 dagger (moderately wounded, 64% to hit)
You throw a boomerang. The boomerang hits the orc priest!
You kill the orc priest!
Something hits you.
* * * LOW HITPOINT WARNING * * *
Throw: 5 boomerangs
Press: ? - help, Q - select action, (/) - cycle Shift-Dir - straight line You throw a boomerang.
Something barely misses you.
You closely miss something. Something hits you.
* * * LOW HITPOINT WARNING * * *
It was a potion of attraction.
You feel attractive to monsters. The orc hits you with a +0 club.
You die... (o

#.# #( #.# #.
###.######. #.
#..........
#.########
#.#.#######
#.(.##...# #.#.#
#)o...#.# #.#.#
#(.##o..###.#.#
..#####.o{@.........#
........)###......###
[.#####.## ########
.........# .######.##
###


You could see 2 orcs.

Vanquished Creatures
  A wraith (D:6)
  Menkaure (D:5)
  A water moccasin (D:5)
  An ogre (D:4)
  A black bear (D:5)
  2 phantoms
  A scorpion (D:4)
  A water moccasin zombie (D:6)
  3 wights (D:6)
  A centaur zombie (D:6)
  A bullfrog zombie (D:5)
  An orc priest (D:6)
  Ijyb (D:3)
  An orc wizard (D:5)
  2 hound zombies (D:5)
  Robin (D:2)
  8 adders
  An ufetubus (D:6)
  An adder skeleton (D:4)
  A worm (D:3)
  2 dart slugs
  4 orcs
  4 endoplasms
  3 giant cockroaches
  12 goblins
  9 hobgoblins
  6 jackals
  2 quokkas
  8 ball pythons
  4 bats
  2 frilled lizards (D:2)
  6 kobolds
  6 rats
99 creatures vanquished.

Vanquished Creatures (others)
  An orc wizard (D:5)
1 creature vanquished.

Grand Total: 100 creatures vanquished

Notes
Turn   | Place    | Note
-------+----------+-------------------------------------------
     0 | D:1      | Delamore the Octopode Brigand began the quest for the Orb.
     0 | D:1      | Reached XP level 1. HP: 14/14 MP: 1/1
   207 | D:1      | You fall into a shaft and drop 1 floor!
   227 | D:2      | Reached XP level 2. HP: 20/20 MP: 2/2
   246 | D:2      | Found a faded altar of an unknown god.
   248 | D:2      | Noticed a great orb of eyes
   249 | D:2      | Noticed a shining eye
   249 | D:2      | Noticed a floating eye
   249 | D:2      | Noticed an eye of devastation
   529 | D:1      | Reached XP level 3. HP: 23/25 MP: 3/3
  1522 | D:2      | Noticed Robin
  1539 | D:2      | Reached XP level 4. HP: 29/31 MP: 4/4
  1625 | D:2      | Killed Robin
  2048 | D:2      | Found a runed translucent door.
  2049 | D:2      | Noticed Crazy Yiuf
  2165 | D:3      | Noticed Ijyb
  2176 | D:3      | Killed Ijyb
  2177 | D:3      | Reached XP level 5. HP: 33/37 MP: 5/5
  3205 | D:4      | Reached XP level 6. HP: 22/44 MP: 6/6
  4122 | D:5      | Entered Level 5 of the Dungeon
  4137 | D:5      | Reached skill level 5 in Fighting
  4238 | D:5      | Noticed a water moccasin
  4266 | D:5      | Reached skill level 5 in Dodging
  4271 | D:5      | Reached XP level 7. HP: 25/50 MP: 7/7
  4552 | D:5      | Noticed Menkaure
  4597 | D:5      | Reached skill level 3 in Throwing
  4865 | D:5      | Killed Menkaure
  4866 | D:5      | Reached skill level 4 in Throwing
  5009 | D:5      | Got the Catalogue of Contamination and Fire
  5196 | D:5      | Reached skill level 5 in Throwing
  5725 | D:6      | Reached skill level 6 in Throwing
  5725 | D:6      | Reached XP level 8. HP: 55/55 MP: 8/8
  5746 | D:6      | Noticed a wraith
  5761 | D:6      | Killed a wraith
  5762 | D:6      | Reached skill level 7 in Throwing
  6270 | D:6      | HP: 2/55 [something (3)]
  6271 | D:6      | Slain by an orc

Illustrated notes

Levels and vault maps discovered:
D:1:      matt_arrival_spirals, layout_loops_ring
D:2:      layout_loops_cross, hellmonk_ecumenical_altar_watching_god,
          skrybe_limestone_x, uniq_crazy_yiuf_cottage, uniq_robin
D:3:      layout_rooms, serial_rivers, chequers_serial_rivers_large_b,
          chequers_serial_rivers_small_3, chequers_serial_rivers_micro_b,
          chequers_serial_rivers_room_a, uniq_ijyb
D:4:      layout_basic
D:5:      layout_basic, serial_rivers, chequers_serial_rivers_small_b,
          chequers_serial_rivers_micro_a, chequers_serial_rivers_room_b,
          chequers_serial_rivers_micro_b, chequers_serial_rivers_micro_c,
          uniq_menkaure
D:6:      layout_loops_ring, minmay_temple_entry_mist, serial_shops,
          kennysheep_little_box

Skill      XL: |  1  2  3  4  5  6  7  8 |
---------------+-------------------------+-----
Dodging        | 2 3 4 5 |  5.0
Fighting       | 3 4 5 |  5.0
Throwing       | 6 7 |  7.7
Short Blades   | |  2.0
Stealth        | |  5.3

Action                   |  1- 3 |  4- 6 |  7- 9 || total
-------------------------+-------+-------+-------++-------
Melee: Dagger            |    46 |   122 |   103 ||   271
       Constrict         |    14 |    30 |    11 ||    55
       Tentacles         |     6 |    27 |    25 ||    58
       Unarmed           |       |       |     1 ||     1
Throw: Stone             |    37 |    55 |    14 ||   106
       Dart              |       |     8 |       ||     8
       Boomerang         |       |       |    20 ||    20
Evoke: Wand              |       |       |     3 ||     3
  Use: Scroll            |       |     1 |     4 ||     5
       Potion            |       |       |     5 ||     5
 Stab: Sleeping          |     8 |     8 |       ||    16
       Distracted        |     1 |       |       ||     1
Armor: Skin              |    13 |     7 |     6 ||    26
Dodge: Dodged            |    19 |    58 |   102 ||   179
